 Dungeon Crawl Stone Soup version 0.26-a0-812-g31a745ddcd (webtiles) character file.

Game seed: 17125653835342493877

438 kae the Chopper (level 7, -2/61 HPs)
             Began as a Hill Orc Fighter on Dec 9, 2020.
             Succumbed to an orc wizard's poison
             ... on level 4 of the Dungeon.
             The game lasted 00:01:57 (3079 turns).

kae the Chopper (Hill Orc Fighter)                  Turns: 3079, Time: 00:01:58

Health: -2/61      AC:  8    Str: 18 (21) XL:     7   Next: 1%
Magic:  7/7        EV:  8    Int:  5 (8)  God:
Gold:   191        SH:  8    Dex:  9 (10) Spells: 6/6 levels left

rFire    . . .     SeeInvis .   a - +0 war axe
rCold    . . .     Faith    .   c - +0 kite shield
rNeg     . . .     Spirit   .   b - +0 scale mail
rPois    .         Reflect  .   (no helmet)
rElec    .         Harm     .   (no cloak)
rCorr    .         Rampage  .   j - +0 pair of gloves
MR       .....                  (no boots)
Stlth    ..........             (no amulet)
HPRegen  0.20/turn              (no ring)
MPRegen  0.10/turn              (no ring)

@: lethally poisoned (-2 -> -60), very slightly contaminated, invisible
A: no striking features
a: no special abilities


You were on level 4 of the Dungeon.
You visited 1 branch of the dungeon, and saw 4 of its levels.

You collected 191 gold pieces.

Inventory:

Hand Weapons
 a - a +0 war axe (weapon)
Armour
 b - a +0 scale mail (worn)
 c - a +0 kite shield (worn)
 j - a +0 pair of gloves (worn)
Jewellery
 x - an uncursed ring of fire {unknown}
Wands
 h - a wand of polymorph (4)
 p - a wand of iceblast (14)
 q - a wand of flame (32)
 t - a wand of digging (8)
 v - a wand of disintegration (11)
Scrolls
 f - a scroll of magic mapping
 k - a scroll of teleportation
 m - a scroll of amnesia
 o - a scroll of fog
 r - a scroll of immolation {unknown}
 s - a scroll of enchant weapon {unknown}
 u - a scroll of blinking {unknown}
 y - a scroll of identify
 z - a scroll of random uselessness {unknown}
Potions
 e - 2 potions of brilliance
 g - 2 potions of curing
 i - a potion of ambrosia
 n - 3 potions of flight
 w - a potion of experience {unknown}


   Skills:
 + Level 5.1 Fighting
 * Level 6.4 Axes
 + Level 4.7 Armour
 + Level 2.3 Dodging
 - Level 3.2 Shields


You had 6 spell levels left.
You didn't know any spells.
Your spell library contained the following spells:

 Spells                   Type           Power        Failure   Level
 Summon Small Mammal      Summ           #...         100%        1
 Call Imp                 Summ           #.......     100%        2
 Call Canine Familiar     Summ           #.......     100%        3
 Summon Guardian Golem    Hex/Summ       #.......     100%        3
 Summon Ice Beast         Ice/Summ       #.......     100%        4
 Summon Lightning Spire   Summ/Air       #.......     100%        4


Dungeon Overview and Level Annotations

Branches:
Dungeon (4/15)
 Temple: D:4-7

Altars:
Trog


Message History

You feel very sick.
You hear some strange, mumbled words.
A magic dart appears from out of thin air!
The magic dart hits you.
* * * LOW HITPOINT WARNING * * *
You miss something.
* * * LOW HITPOINT WARNING * * *
You feel very sick. Something hits you but does no damage.
You are more poisoned.
You barely miss something.
* * * LOW HITPOINT WARNING * * *
You feel very sick.
An orc wizard appears from thin air!
Reactivating autopickup.
You block the orc wizard's attack.
The orc wizard hits you but does no damage.
You are more poisoned.
You closely miss the orc wizard.
You die...

.......#.## #.
..........# ...
...####...# ##..
.........(# #..
###.####### #.. #.# # .
#.. #.# ### .#'.. #
#.#########.#####...###
#.............@oo.⌠....
###########.#####...###
### .#'.. # .


You could see an orc wizard and an orc.

Vanquished Creatures
  A centaur skeleton (D:4)
  A hound (D:4)
  3 orc priests
  4 orc wizards (D:4)
  Terence (D:3)
  A worker ant (D:4)
  Ijyb (D:3)
  3 adders
  An adder skeleton (D:4)
  A worm (D:3)
  3 dart slugs (D:1)
  10 orcs
  3 ball pythons
  A giant cockroach (D:4)
  8 goblins
  5 hobgoblins
  4 jackals (D:3)
  3 quokkas
  7 bats
  4 frilled lizards
  7 kobolds
  8 rats
80 creatures vanquished.

Vanquished Creatures (others)
  143 plants (D:1)
143 creatures vanquished.

Grand Total: 223 creatures vanquished

Notes
Turn   | Place    | Note
-------+----------+-------------------------------------------
     0 | D:1      | kae the Hill Orc Fighter began the quest for the Orb.
     0 | D:1      | Reached XP level 1. HP: 19/19 MP: 1/1
   293 | D:1      | Reached skill level 3 in Axes
   301 | D:1      | Reached XP level 2. HP: 25/27 MP: 2/2
   842 | D:1      | Reached XP level 3. HP: 30/33 MP: 3/3
  1431 | D:2      | Reached skill level 1 in Dodging
  1438 | D:2      | Reached skill level 4 in Axes
  1637 | D:2      | Reached XP level 4. HP: 40/40 MP: 4/4
  1792 | D:2      | Found a bloodstained altar of Trog.
  1916 | D:3      | Noticed Terence
  1927 | D:3      | Killed Terence
  2023 | D:3      | Noticed Ijyb
  2030 | D:3      | Killed Ijyb
  2030 | D:3      | Reached XP level 5. HP: 47/47 MP: 5/5
  2092 | D:3      | Reached skill level 5 in Axes
  2583 | D:4      | Reached XP level 6. HP: 52/53 MP: 6/6
  2647 | D:4      | Reached skill level 6 in Axes
  2814 | D:4      | Reached skill level 5 in Fighting
  3045 | D:4      | Reached XP level 7. HP: 61/61 MP: 7/7
  3079 | D:4      | Succumbed to an orc wizard's poison

Illustrated notes

Levels and vault maps discovered:
D:1:      roderic_crop_circles_arrival_small, layout_basic,
          minmay_misc_feat_rows, minmay_misc_feat_more_columns
D:2:      layout_basic, bloody_trog, minmay_distorted
D:3:      layout_basic, uniq_ijyb, uniq_terence
D:4:      layout_basic, grunt_temple_overflow_cloverleaf,
          minmay_a_box_with_orc_wizards_in_it, uniq_crazy_yiuf_cottage

Skill      XL: |  1  2  3  4  5  6 |
---------------+-------------------+-----
Axes           | 3 4 5 6 |  6.4
Fighting       | 4 5 |  5.1
Dodging        | 1 2 |  2.3
Armour         | 4 |  4.7
Shields        | |  3.2

Action                   |  1- 3 |  4- 6 |  7- 9 || total
-------------------------+-------+-------+-------++-------
Melee: War axe           |   267 |   123 |    26 ||   416
  Use: Scroll            |     3 |     4 |       ||     7
       Potion            |       |     1 |     4 ||     5
Armor: Scale mail        |    39 |    68 |    14 ||   121
Dodge: Dodged            |    28 |    41 |     2 ||    71
Block: Kite shield       |    42 |    48 |     6 ||    96

Table legend: (Time is in decaauts)
 A = Elapsed time spent in this place.
 B = Non-inter-level travel time spent in this place.
 C = Inter-level travel time spent in this place.
 D = Time resting spent in this place.
 E = Time spent auto-exploring this place.
 F = Levels seen in this place.
 G = Mean time per level.
                   A        B        C        D        E       F      G
               +--------+--------+--------+--------+--------+-----+--------+
         Total |   3239 |   3137 |    102 |      0 |   2239 |   4 |  809.8 |
       Dungeon |   3239 |   3137 |    102 |      0 |   2239 |   4 |  809.8 |
               +--------+--------+--------+--------+--------+-----+--------+

Top non-repeatable levels by time:
     D:1: 1203 daAuts
     D:2: 811 daAuts
     D:3: 682 daAuts
     D:4: 542 daAuts
